TOP OF THE 1ST |
Pawtucket Red Sox batting - Pitching for Buffalo Bisons : RHP Edward Saunders
|
Pitching: RHP Edward Saunders
|
|
Batting: LHB Tim Fuller
|
0-0: Called Strike 0-1: Ground out 6-3 (Groundball, 6, EV 88.8 MPH)
|
Batting: RHB Brandon Perris
|
0-0: Ground out 4-3 (Groundball, 4S, EV 85.0 MPH)
|
Batting: LHB Jarrett Mordecai
|
0-0: Called Strike 0-1: Ball 1-1: Ball 2-1: Called Strike 2-2: Strikes out swinging
|
Top of the 1st over - 0 runs, 0 hits, 0 errors, 0 left on base; Pawtucket 0 - Buffalo 0 |
BOTTOM OF THE 1ST |
Buffalo Bisons batting - Pitching for Pawtucket Red Sox : RHP Mike Schroeder
|
Pitching: RHP Mike Schroeder
|
|
Batting: RHB Alex Ramos
|
0-0: Ball 1-0: Called Strike 1-1: Foul Ball, location: 2F 1-2: Foul Ball, location: 2F 1-2: Ball 2-2: Foul Ball, location: 2F 2-2: Ground out 1-3 (Groundball, 15S, EV 68.8 MPH)
|
Batting: RHB Michel Martineau
|
0-0: Called Strike 0-1: Ball 1-1: Ball 2-1: Ball 3-1: Called Strike 3-2: Strikes out looking
|
Batting: SHB Jack Andrews
|
0-0: Ball 1-0: Ground out 4-3 (Groundball, 34, EV 106.9 MPH)
|
Bottom of the 1st over - 0 runs, 0 hits, 0 errors, 0 left on base; Pawtucket 0 - Buffalo 0 |
TOP OF THE 2ND |
Pawtucket Red Sox batting - Pitching for Buffalo Bisons : RHP Edward Saunders
|
Batting: RHB Jose Diaz
|
0-0: Ball 1-0: Ball 2-0: Called Strike 2-1: Called Strike 2-2: DOUBLE (Line Drive, 8LXD, EV 95.6 MPH)
|
Batting: LHB David Moore
|
0-0: Called Strike 0-1: Called Strike 0-2: Strikes out looking
|
Batting: RHB Eric Garrett
|
0-0: Ball 1-0: Swinging Strike 1-1: Ground out 5-3 (Groundball, 5L, EV 78.1 MPH)
|
Batting: RHB Neil Mautone
|
0-0: Called Strike 0-1: Swinging Strike 0-2: Strikes out swinging
|
Top of the 2nd over - 0 runs, 1 hit, 0 errors, 1 left on base; Pawtucket 0 - Buffalo 0 |
BOTTOM OF THE 2ND |
Buffalo Bisons batting - Pitching for Pawtucket Red Sox : RHP Mike Schroeder
|
Batting: RHB Brock Van Gilder
|
0-0: Ball 1-0: Ball 2-0: Ball 3-0: Called Strike 3-1: Base on Balls
|
Batting: LHB Gabe Pace
|
0-0: Fielders Choice at 2nd, 3-6 (Groundball, 3, EV 82.5 MPH)
|
Batting: RHB Leo Mair
|
0-0: Ball Gabe Pace steals 2nd, throwing error, E2 Gabe Pace to third 1-0: Ball 2-0: Called Strike 2-1: Foul Ball, location: 2F 2-2: SINGLE (Groundball, 56D, EV 108.1 MPH) (infield hit) Gabe Pace scores
|
Batting: RHB Väinö Tapaninen
|
0-0: Called Strike Leo Mair steals 2nd, throwing error, E2 Leo Mair to third 0-1: Fly out, F7 (Flyball, 78M, EV 79.4 MPH) Runner from 3rd tags up, SCORES, no throw by LF
|
Batting: RHB John Loving
|
0-0: SINGLE (Line Drive, 89S, EV 96.2 MPH)
|
Batting: RHB Jorge Baret
|
0-0: Foul Ball, location: 2F 0-1: Ball 1-1: Foul Ball, location: 2F 1-2: Ground out 4-3 (Groundball, 34, EV 90.0 MPH)
|
Bottom of the 2nd over - 2 runs, 2 hits, 2 errors, 1 left on base; Pawtucket 0 - Buffalo 2 |
TOP OF THE 3RD |
Pawtucket Red Sox batting - Pitching for Buffalo Bisons : RHP Edward Saunders
|
Batting: RHB John Chiesa
|
0-0: Ball 1-0: Swinging Strike 1-1: Called Strike 1-2: Foul Ball, location: 2F 1-2: Strikes out swinging
|
Batting: RHB Joe Evrard
|
0-0: Called Strike 0-1: Ball 1-1: Ball 2-1: Swinging Strike 2-2: Strikes out looking
|
Batting: LHB Tim Fuller
|
0-0: Foul Ball, location: 2F 0-1: Ball 1-1: SINGLE (Groundball, P, EV 91.2 MPH) (infield hit)
|
Batting: RHB Brandon Perris
|
0-0: Ball 1-0: Foul Ball, location: 2F 1-1: Foul Ball, location: 2F 1-2: Fielders Choice at 2nd, 6-4 (Groundball, 6, EV 87.5 MPH)
|
Top of the 3rd over - 0 runs, 1 hit, 0 errors, 1 left on base; Pawtucket 0 - Buffalo 2 |
BOTTOM OF THE 3RD |
Buffalo Bisons batting - Pitching for Pawtucket Red Sox : RHP Mike Schroeder
|
Batting: RHB Alex Ramos
|
0-0: Ball 1-0: Ball 2-0: Foul Ball, location: 2F 2-1: Foul Ball, location: 2F 2-2: Ball 3-2: Strikes out swinging
|
Batting: RHB Michel Martineau
|
0-0: Ball 1-0: Called Strike 1-1: Called Strike 1-2: Ball 2-2: Ball 3-2: Foul Ball, location: 2F 3-2: Foul Ball, location: 2F 3-2: Foul Ball, location: 2F 3-2: Ground out 5-3 (Groundball, 56S, EV 81.2 MPH)
|
Batting: SHB Jack Andrews
|
0-0: Swinging Strike 0-1: Reached on error, E1 (Groundball, 13S, EV 64.4 MPH)
|
Batting: RHB Brock Van Gilder
|
0-0: Foul Ball, location: 2F 0-1: Swinging Strike 0-2: Ball 1-2: Ball 2-2: Ball 3-2: Strikes out swinging
|
Bottom of the 3rd over - 0 runs, 0 hits, 1 error, 1 left on base; Pawtucket 0 - Buffalo 2 |
TOP OF THE 4TH |
Pawtucket Red Sox batting - Pitching for Buffalo Bisons : RHP Edward Saunders
|
Batting: LHB Jarrett Mordecai
|
0-0: Ball 1-0: Foul Ball, location: 2F 1-1: Ball 2-1: Swinging Strike 2-2: Strikes out swinging
|
Batting: RHB Jose Diaz
|
0-0: Called Strike 0-1: SINGLE (Groundball, 25, EV 66.9 MPH) (infield hit)
|
Batting: LHB David Moore
|
0-0: Called Strike 0-1: TRIPLE (Line Drive, 89XD, EV 101.9 MPH) Jose Diaz scores
|
Batting: RHB Eric Garrett
|
0-0: Ball 1-0: Ball 2-0: Called Strike 2-1: Swinging Strike 2-2: Fly out, F7 (Flyball, 78M, EV 78.8 MPH) Runner from 3rd tags up, SCORES, throw by LF
|
Batting: RHB Neil Mautone
|
0-0: Ball 1-0: SINGLE (Line Drive, 34D, EV 105.6 MPH)
|
Batting: RHB John Chiesa
|
0-0: Ball 1-0: Ball 2-0: Fielders Choice at 2nd, 5-4 (Groundball, 5L, EV 105.6 MPH)
|
Top of the 4th over - 2 runs, 3 hits, 0 errors, 1 left on base; Pawtucket 2 - Buffalo 2 |
BOTTOM OF THE 4TH |
Buffalo Bisons batting - Pitching for Pawtucket Red Sox : RHP Mike Schroeder
|
Batting: LHB Gabe Pace
|
0-0: Called Strike 0-1: Swinging Strike 0-2: Foul Ball, location: 2F 0-2: SINGLE (Line Drive, 56, EV 95.6 MPH)
|
Batting: RHB Leo Mair
|
0-0: Swinging Strike 0-1: Foul Ball, location: 2F 0-2: Ball 1-2: Ball 2-2: Ball 3-2: Foul Ball, location: 2F 3-2: Foul Ball, location: 2F 3-2: Strikes out swinging
|
Batting: RHB Väinö Tapaninen
|
0-0: Ball 1-0: Ball 2-0: Called Strike 2-1: Ball 3-1: Fly out, F7 (Flyball, 78S, EV 86.9 MPH)
|
Batting: RHB John Loving
|
0-0: Ball Gabe Pace steals 2nd, throwing error, E2 Gabe Pace to third 1-0: Called Strike 1-1: Ball 2-1: Foul Ball, location: 2F 2-2: Strikes out looking
|
Bottom of the 4th over - 0 runs, 1 hit, 1 error, 1 left on base; Pawtucket 2 - Buffalo 2 |
TOP OF THE 5TH |
Pawtucket Red Sox batting - Pitching for Buffalo Bisons : RHP Edward Saunders
|
Batting: RHB Joe Evrard
|
0-0: Ball 1-0: Foul Ball, location: 2F 1-1: Ball 2-1: Ball 3-1: Base on Balls
|
Batting: LHB Tim Fuller
|
0-0: Fielders Choice at 2nd, 4-6 (Groundball, 4MS, EV 82.5 MPH)
|
Batting: RHB Brandon Perris
|
0-0: Called Strike 0-1: Swinging Strike 0-2: Ball 1-2: Strikes out swinging
|
Batting: LHB Jarrett Mordecai
|
0-0: Ball 1-0: Called Strike 1-1: SINGLE (Flyball, 7LS, EV 95.6 MPH) Tim Fuller to second
|
Batting: RHB Jose Diaz
|
0-0: Called Strike 0-1: Ball 1-1: Called Strike 1-2: Ball 2-2: Hit by Pitch Tim Fuller to third Jarrett Mordecai to second
|
Batting: LHB David Moore
|
0-0: Ball 1-0: Foul Ball, location: 2F 1-1: Foul Ball, location: 2F 1-2: Foul Ball, location: 2F 1-2: Foul Ball, location: 2F 1-2: Ball 2-2: Ball 3-2: Strikes out swinging
|
Top of the 5th over - 0 runs, 1 hit, 0 errors, 3 left on base; Pawtucket 2 - Buffalo 2 |
BOTTOM OF THE 5TH |
Buffalo Bisons batting - Pitching for Pawtucket Red Sox : RHP Mike Schroeder
|
Batting: RHB Jorge Baret
|
0-0: Ground out 6-3 (Groundball, 6, EV 103.1 MPH)
|
Batting: RHB Alex Ramos
|
0-0: Ball 1-0: Ball 2-0: Fly out, F8 (Flyball, 8LM, EV 89.4 MPH)
|
Batting: RHB Michel Martineau
|
0-0: Foul Ball, location: 2F 0-1: Ball 1-1: Ball 2-1: Foul Ball, location: 2F 2-2: Ball 3-2: Foul Ball, location: 2F 3-2: Base on Balls
|
Batting: SHB Jack Andrews
|
0-0: Called Strike 0-1: Called Strike 0-2: Ball 1-2: Foul Ball, location: 2F 1-2: Strikes out swinging
|
Bottom of the 5th over - 0 runs, 0 hits, 0 errors, 1 left on base; Pawtucket 2 - Buffalo 2 |
TOP OF THE 6TH |
Pawtucket Red Sox batting - Pitching for Buffalo Bisons : RHP Edward Saunders
|
Batting: RHB Eric Garrett
|
0-0: Ball 1-0: Ball 2-0: Called Strike 2-1: Ground out 4-3 (Groundball, 4, EV 80.0 MPH)
|
Batting: RHB Neil Mautone
|
0-0: Ball 1-0: Ball 2-0: Foul Ball, location: 2F 2-1: Called Strike 2-2: Strikes out swinging
|
Batting: RHB John Chiesa
|
0-0: Ground out 5-3 (Groundball, 56, EV 103.8 MPH)
|
Top of the 6th over - 0 runs, 0 hits, 0 errors, 0 left on base; Pawtucket 2 - Buffalo 2 |
BOTTOM OF THE 6TH |
Buffalo Bisons batting - Pitching for Pawtucket Red Sox : RHP Mike Schroeder
|
Batting: RHB Brock Van Gilder
|
0-0: SINGLE (Groundball, 6M, EV 85.0 MPH) (infield hit)
|
Pitching: LHP Will Sledge
|
|
Batting: LHB Gabe Pace
|
0-0: Called Strike Brock Van Gilder steals 2nd base (no throw) 0-1: Called Strike 0-2: Foul Ball, location: 2F 0-2: Ball 1-2: DOUBLE (Line Drive, 8RD, EV 104.4 MPH) Brock Van Gilder scores
|
Batting: RHB Leo Mair
|
0-0: TRIPLE (Flyball, 89XD, EV 98.8 MPH) Gabe Pace scores
|
Batting: RHB Väinö Tapaninen
|
0-0: Called Strike 0-1: Foul Ball, location: 2F 0-2: Ball 1-2: Foul Ball, location: 2F 1-2: DOUBLE (Line Drive, 78XD, EV 100.0 MPH) Leo Mair scores
|
Batting: RHB John Loving
|
0-0: Swinging Strike 0-1: Foul Ball, location: 2F 0-2: SINGLE (Line Drive, 9LS, EV 93.1 MPH) Väinö Tapaninen to third
|
Batting: RHB Jorge Baret
|
0-0: Ball 1-0: Called Strike 1-1: Foul Ball, location: 2F 1-2: Strikes out looking
|
Batting: RHB Alex Ramos
|
0-0: Ball 1-0: Ball 2-0: Called Strike 2-1: Ball 3-1: Called Strike 3-2: Strikes out looking
|
Batting: RHB Michel Martineau
|
0-0: Ball 1-0: Called Strike 1-1: Ball 2-1: Foul Ball, location: 2F 2-2: Strikes out looking
|
Bottom of the 6th over - 3 runs, 5 hits, 0 errors, 2 left on base; Pawtucket 2 - Buffalo 5 |
TOP OF THE 7TH |
Pawtucket Red Sox batting - Pitching for Buffalo Bisons : RHP Edward Saunders
|
Batting: RHB Joe Evrard
|
0-0: Foul Ball, location: 2F 0-1: Ground out 6-3 (Groundball, 4M, EV 84.4 MPH)
|
Batting: LHB Tim Fuller
|
0-0: Foul Ball, location: 2F 0-1: Swinging Strike 0-2: SINGLE (Flyball, 6MD, EV 91.2 MPH)
|
Batting: RHB Brandon Perris
|
0-0: Called Strike 0-1: Grounds into double play, 6-4-3 (Groundball, 6, EV 81.2 MPH)
|
Top of the 7th over - 0 runs, 1 hit, 0 errors, 0 left on base; Pawtucket 2 - Buffalo 5 |
BOTTOM OF THE 7TH |
Buffalo Bisons batting - Pitching for Pawtucket Red Sox : LHP Will Sledge
|
Batting: SHB Jack Andrews
|
0-0: Called Strike 0-1: Foul Ball, location: 2F 0-2: Fly out, F6 (Popup, 6, EV 78.1 MPH)
|
Batting: RHB Brock Van Gilder
|
0-0: Foul Ball, location: 2F 0-1: Ball 1-1: Ball 2-1: Ball 3-1: Base on Balls
|
Batting: LHB Gabe Pace
|
0-0: Ball 1-0: Ball 2-0: Ball 3-0: Called Strike 3-1: Base on Balls Brock Van Gilder to second
|
Pitching: LHP Zack McGovern
|
|
Batting: RHB Leo Mair
|
0-0: Called Strike 0-1: Ball 1-1: Ball 2-1: SINGLE (Groundball, 56S, EV 70.6 MPH) (infield hit) Brock Van Gilder to third Gabe Pace to second
|
Batting: RHB Väinö Tapaninen
|
0-0: Fly out, F8 (Flyball, 89S, EV 88.1 MPH)
|
Batting: RHB John Loving
|
0-0: Called Strike 0-1: Ball 1-1: Called Strike 1-2: Ball 2-2: Strikes out swinging
|
Bottom of the 7th over - 0 runs, 1 hit, 0 errors, 3 left on base; Pawtucket 2 - Buffalo 5 |
TOP OF THE 8TH |
Pawtucket Red Sox batting - Pitching for Buffalo Bisons : RHP Edward Saunders
|
Pitching: LHP Dylan Batstone
|
|
Batting: LHB Jarrett Mordecai
|
0-0: Called Strike 0-1: Foul Ball, location: 2F 0-2: Ball 1-2: Strikes out swinging
|
Batting: RHB Jose Diaz
|
0-0: Ball 1-0: Ball 2-0: Called Strike 2-1: Called Strike 2-2: Ball 3-2: Strikes out swinging
|
Batting: LHB David Moore
|
0-0: Ball 1-0: Swinging Strike 1-1: Called Strike 1-2: Strikes out swinging
|
Top of the 8th over - 0 runs, 0 hits, 0 errors, 0 left on base; Pawtucket 2 - Buffalo 5 |
BOTTOM OF THE 8TH |
Buffalo Bisons batting - Pitching for Pawtucket Red Sox : LHP Zack McGovern
|
Pitching: RHP Jon Mercado
|
|
Batting: RHB Jorge Baret
|
0-0: Ball 1-0: Ball 2-0: Foul Ball, location: 2F 2-1: Ball 3-1: Base on Balls
|
Batting: RHB Alex Ramos
|
0-0: Foul Ball, location: 2F 0-1: Ball 1-1: Ball 2-1: Called Strike 2-2: Strikes out swinging
|
Batting: RHB Michel Martineau
|
0-0: Called Strike 0-1: Foul Ball, location: 2F 0-2: Ball 1-2: Ball Jorge Baret steals 2nd base 2-2: Foul Ball, location: 2F 2-2: Ground out 6-3 (Groundball, 56, EV 100.0 MPH)
|
Batting: SHB Jack Andrews
|
0-0: Fly out, F9 (Flyball, 89S, EV 75.6 MPH)
|
Bottom of the 8th over - 0 runs, 0 hits, 0 errors, 1 left on base; Pawtucket 2 - Buffalo 5 |
TOP OF THE 9TH |
Pawtucket Red Sox batting - Pitching for Buffalo Bisons : LHP Dylan Batstone
|
Pitching: LHP Julio Gonzalez
|
|
Batting: RHB Eric Garrett
|
0-0: Called Strike 0-1: Foul Ball, location: 2F 0-2: Ball 1-2: Ball 2-2: Ball 3-2: Base on Balls
|
Batting: RHB Neil Mautone
|
0-0: Called Strike 0-1: Ball 1-1: Ball 2-1: Swinging Strike 2-2: Strikes out swinging
|
Batting: RHB John Chiesa
|
0-0: Swinging Strike 0-1: Ball 1-1: Called Strike 1-2: Ball 2-2: Ground out 4-3 (Groundball, 4S, EV 66.2 MPH) Eric Garrett to second
|
Batting: RHB Joe Evrard
|
0-0: Swinging Strike 0-1: Ball 1-1: Swinging Strike 1-2: Foul Ball, location: 2F 1-2: Foul Ball, location: 2F 1-2: SINGLE (Groundball, 6D, EV 103.1 MPH) Eric Garrett to third
|
Batting: LHB Tim Fuller
|
0-0: Swinging Strike Pickoff Throw by Catcher to First - Error! E2 Eric Garrett scores Joe Evrard to second 0-1: Ball 1-1: Foul Ball, location: 2F 1-2: Strikes out swinging
|
Top of the 9th over - 1 run, 1 hit, 1 error, 1 left on base; Pawtucket 3 - Buffalo 5 |
|